 Dungeon Crawl Stone Soup version 0.23-a0-373-g305c090 (console) character file.

65 Voker57 the Ducker (level 3, -2/28 HPs)
             Began as a Demonspawn Gladiator on Oct 25, 2018.
             Killed by nerve-wracking pain
             ... invoked by Jessica
              (14 damage)
             ... on level 3 of the Dungeon.
             The game lasted 00:01:50 (1404 turns).

Voker57 the Ducker (Demonspawn Gladiator)           Turns: 1404, Time: 00:01:51

Health: -2/28      AC:  4    Str: 14    XL:     3   Next: 92%
Magic:  3/3        EV: 13    Int: 10    God:
Gold:   163        SH:  0    Dex: 14    Spells: 2/2 levels left

rFire    . . .     SeeInvis .   a - +1 long sword
rCold    . . .     Gourm    .   (no shield)
rNeg     . . .     Faith    .   b - +0 leather armour
rPois    .         Spirit   .   c - +0 helmet
rElec    .         Reflect  .   (no cloak)
rCorr    .         Harm     .   (no gloves)
MR       .....                  (no boots)
Stlth    +.........             (no amulet)
HPRegen  0.09/turn              (no ring)
MPRegen  0.08/turn              (no ring)

@: very slightly contaminated, invisible
A: spiny 1, sturdy frame 1
a: no special abilities


You were on level 3 of the Dungeon.
You were hungry.

You visited 1 branch of the dungeon, and saw 3 of its levels.

You collected 163 gold pieces.

Inventory:

Hand Weapons
 a - a +1 long sword (weapon)
Missiles
 d - 3 throwing nets (quivered)
Armour
 b - a +0 leather armour (worn)
 c - a +0 helmet (worn)
Jewellery
 j - an uncursed ring of protection from magic
 u - an uncursed ring of wizardry {unknown}
Scrolls
 e - 2 scrolls of noise
 i - 2 scrolls of fear
 m - 2 scrolls of magic mapping
Potions
 l - a potion of might {unknown}
 n - a potion of magic {unknown}
 o - a potion of curing {unknown}
 p - a potion of ambrosia {unknown}
 r - a potion of degeneration {unknown}
Comestibles
 f - 7 rations


   Skills:
 + Level 2.8 Fighting
 + Level 3.3 Long Blades
 - Level 1.8 Throwing
 + Level 3.4 Dodging


You had 2 spell levels left.
You didn't know any spells.
Your spell library was empty.

Dungeon Overview and Level Annotations

Branches:
Dungeon (3/15)

Altars:
Ashenzari
Cheibriados
Qazlal

Annotations:
D:3 1 runed door, Jessica; RoseArtemis's ghost, amateur SpEn


Innate Abilities, Weirdness & Mutations

You are partially covered in sharp spines.
Your movements are slightly less encumbered by armour. (ER -2)


Message History

You see here 5 gold pieces.
Jessica the Apprentice Sorceress comes into view.
She is carrying a wand of Jessica shouts!
Jessica casts a spell at you. Pain shoots through your body!
Jessica mumbles some strange words.
Jessica seems to speed up.
Jessica casts a spell at you. Pain shoots through your body!
You aren't carrying any items that you can evoke.
As you read the scroll labeled BAKLOF JIATY, it crumbles to dust.
You feel blessed for a moment.
It was a scroll of remove curse.
Jessica barely misses you.
You riposte.
You hit Jessica.
Jessica is heavily wounded.
It was a potion of invisibility.
You fade into invisibility!
Jessica gestures at you while chanting. Pain shoots through your body!
Ouch! That really hurt!
You die...

,*,,,,,,,*###,#........#*,,,,,,**
,*,**,,,,,.$#,########.##***,****
,,,,,,**,*#.#.# #...####.# *
,*,*****,##.#.* #..>.....# *
,*,****,,,...,* #...###### *
**,,,,,,,*#.#** #...# ****
********###.# #...# *,,, ,,,,,,*
#..$# #...# *,#,
,,,,..###.#.#########...######.#.
,,,,....?....#.@@........†......#
,,,,.........w...............<##*
,,,,...##....#..........†.)...#*,
,,,,...#..#..########...#######,,
,,,,..,#..#..# #......# *,,
******,#..#..# #.#....# *##,,
*,......# #.#....####.+,, *
****##....## #,#......(..+,, *
*,,,**,###* *,#....##.###,, *
*,,,,,,* *,#.......# *,,


You could see a worm and Jessica.

Vanquished Creatures
  3 adders
  A leopard gecko (D:1)
  3 bats
  A giant cockroach (D:1)
  6 goblins
  10 jackals
  3 frilled lizards
  5 kobolds
  3 rats
35 creatures vanquished.

Notes
Turn   | Place    | Note
-------+----------+-------------------------------------------
     0 | D:1      | Voker57 the Demonspawn Gladiator began the quest for the
                  | Orb.
     0 | D:1      | Reached XP level 1. HP: 16/16 MP: 1/1
    61 | D:1      | Gained mutation: Your movements are slightly less
                  | encumbered by armour. (ER -2) [demonic ancestry]
    61 | D:1      | Reached XP level 2. HP: 15/22 MP: 2/2
   213 | D:1      | Found a shattered altar of Ashenzari.
   640 | D:2      | Found a snail-covered altar of Cheibriados.
   737 | D:2      | Gained mutation: You are partially covered in sharp spines.
                  | [demonic ancestry]
   737 | D:2      | Reached XP level 3. HP: 20/28 MP: 3/3
   913 | D:2      | Found a stormy altar of Qazlal.
   914 | D:2      | Noticed an air elemental
   915 | D:2      | Noticed an earth elemental
   920 | D:2      | Noticed a fire elemental
   920 | D:2      | Noticed a water elemental
  1340 | D:3      | Found a runed door.
  1340 | D:3      | Noticed RoseArtemis's ghost (amateur SpEn)
  1396 | D:3      | Noticed Jessica
  1404 | D:3      | Killed from afar by Jessica

Vault maps used:
D:1:      lemuel_arrival_room, ashenzari_altar_1
D:2:      cheibriados_altar_1, nicolae_qazlal_style_of_elements, minmay_bisected
D:3:      first_ration, gammafunk_ghost_grave, kennysheep_big_empty_room,
          uniq_jessica

Skill      XL: |  1  2 |
---------------+-------+-----
Dodging        | 3 |  3.4
Long Blades    | 3 |  3.3
Fighting       | |  2.8
Throwing       | |  1.8

Action                   || total
-------------------------++-------
Melee: Long sword        ||    67
  Use: Scroll            ||     8
       Potion            ||     1
 Stab: Sleeping          ||     1
  Eat: Chunk             ||     1
Armor: Leather armour    ||    23
Dodge: Dodged            ||    83
       Rpst.: Long sword ||    31

Table legend:
 A = Non-vault XP
 B = Vault XP
 C = Vault XP percentage of total XP
 D = Non-vault monster count
 E = Vault monster count
 F = Vault count percentage of total count
                 A         B        C        D         E       F
            +---------+---------+-------+---------+---------+-------
      Total |      78 |      15 |  16.1 |      32 |       3 |   8.6
            +---------+---------+-------+---------+---------+-------
        D:1 |      24 |       0 |   0.0 |      14 |       0 |   0.0
        D:2 |      31 |      15 |  32.6 |      11 |       3 |  21.4
        D:3 |      23 |       0 |   0.0 |       7 |       0 |   0.0
            +---------+---------+-------+---------+---------+-------
